 Dungeon Crawl Stone Soup version 0.32-a0-42-ga30500b4d3 (webtiles) character file.

Game seed: 297884047757388375

5019 a2degator the Thaumaturge (level 10, -3/68 HPs)
             Began as a Mummy Necromancer on Jan 31, 2024.
             Was a Follower of Yredelemnul.
             Slain by a tengu warrior
             ... wielding a +2 great sword
              (20 damage)
             ... on level 9 of the Dungeon.
             The game lasted 00:48:44 (8794 turns).

a2degator the Thaumaturge (Mummy Necromancer)       Turns: 8794, Time: 00:48:45

Health: -3/68      AC:  5    Str: 12    XL:     10   Next: 30%
Magic:  24/35      EV: 12    Int: 22    God:    Yredelemnul [*.....]
Gold:   533        SH:  5    Dex: 12    Spells: 20/33 levels left

rFire   . . .        b - +1 dagger "Xuerph" {venom, rF+ Int+3}
rCold   + . .        (no shield)
rNeg    + + +        k - +0 robe of Kilizusmua {*Slow rElec Will+ Stlth+}
rPois   ∞            f - +2 helmet
rElec   +            n - scarf {repulsion}
rCorr   .            (no gloves)
SInv    .            (no boots)
Will    ++...        a - amulet of reflection
Stlth   +++          h - ring of flight
HPRegen 0.31/turn    q - ring of magical power
MPRegen 0.24/turn

%: slow self (1%), repel missiles, reflection, faith
@: flying, slowed, very slow
A: cold resistance 1, negative energy resistance 3, torment resistance 2, heat
vulnerability 1, in touch with death 1, no potions, faith
a: Renounce Religion, Recall Undead Harvest


You were on level 9 of the Dungeon.
You worshipped Yredelemnul.
Yredelemnul was noncommittal.
You visited 2 branches of the dungeon, and saw 10 of its levels.

You collected 533 gold pieces.

Inventory:

Hand Weapons
 b - the +1 dagger "Xuerph" (weapon) {venom, rF+ Int+3}
   (You found it on level 5 of the Dungeon)

   Int+3:     It affects your intelligence (+3).
   rF+:       It protects you from fire.
Armour
 c - a scarf of invisibility
 f - a +2 helmet (worn)
 k - the +0 robe of Kilizusmua (worn) {*Slow rElec Will+ Stlth+}
   (You found it on level 2 of the Dungeon)

   rElec:     It insulates you from electricity.
   Will+:     It increases your willpower.
   *Slow:     It may slow you when you take damage.
   Stlth+:    It makes you more stealthy.
 n - a scarf of repulsion (worn)
Jewellery
 a - an amulet of reflection (around neck)
 d - the ring of the Thistle {rElec SInv}
   (You found it on level 5 of the Dungeon)

   [ring of see invisible]

   rElec:     It insulates you from electricity.
   SInv:      It lets you see invisible.
 h - a ring of flight (left hand)
 q - a ring of magical power (right hand)
 r - a +4 ring of slaying
 x - a ring of wizardry
Wands
 j - a wand of digging (1)
 o - a wand of paralysis (7)
 s - a wand of mindburst (13)
 t - a wand of acid (4)
 u - a wand of iceblast (9)
Scrolls
 e - 3 scrolls of poison
 g - 4 scrolls of teleportation
 i - a scroll of blinking
 l - 4 scrolls of identify
 m - a scroll of immolation
 v - a scroll of revelation
 w - a scroll of vulnerability


   Skills:
 + Level 2.4 Fighting
 + Level 1.6 Short Blades
 + Level 2.7 Dodging
 + Level 2.5 Stealth
 + Level 12.4 Spellcasting
 + Level 10.9 Necromancy


You had 20 spell levels left.
You knew the following spells:

 Your Spells              Type           Power      Damage    Failure   Level
a - Necrotise             Necr           100%       1d9       1%          1
b - Vampiric Draining     Necr           75%        2d11      1%          3
c - Dispel Undead         Necr           75%        3d25      1%          4
d - Curse of Agony        Necr           75%        N/A       1%          5

Your spell library contained the following spells:

 Spells                   Type           Power      Damage    Failure   Level
 Kiss of Death            Conj/Necr      100%       2d13      1%          1
 Blink                    Tloc           26%        N/A       7%          2
 Ensorcelled Hibernation  Hex/Ice        26%        N/A       7%          2
 Lesser Beckoning         Tloc           26%        N/A       7%          2
 Momentum Strike          Conj/Tloc      26%        3d8       7%          2
 Confusing Touch          Hex            13%        N/A       14%         3
 Gell's Gravitas          Tloc           13%        N/A       14%         3
 Teleport Other           Tloc           13%        N/A       14%         3
 Animate Dead             Necr           Unusable   N/A       N/A         4

Dungeon Overview and Level Annotations

Branches:
Dungeon (9/15)             Temple (1/1) D:5             Orc (0/2) D:9
   Lair: D:8-11

Altars:
Ashenzari
Cheibriados
Dithmenos
Fedhas
Gozag
Hepliaklqana
Kikubaaqudgha
Makhleb
Nemelex Xobeh
Okawaru
Qazlal
Ru
Sif Muna
Trog
Vehumet
Wu Jian
Xom
Yredelemnul

Shops:
D:6 (


Innate Abilities, Weirdness & Mutations

You are immune to poison.
Your flesh is cold resistant. (rC+)
You are immune to negative energy. (rN+++)
You are immune to unholy pain and torment.
You are vulnerable to heat. (rF-)
You are in touch with the powers of death.
You do not drink.
You have a special connection with the divine. (Faith)


Message History

Your kobold zombie is destroyed!
The bolt of lightning misses you.
A battlesphere comes into view.
Your kobold brigand zombie misses the tengu conjurer.
The battlesphere moves out of view.
You hear an angry hiss.
As you read the scroll of fog, it dissolves into smoke.
A wyvern comes into view.
The centaur shoots an arrow.
The arrow misses you.
Casting: Vampiric Draining (safe; 1% risk of failure)
Confirm with . or Enter, or press ? or * to list all spells.
Aiming: Vampiric Draining (safe; 1% risk of failure)
Press: ? - help, Shift-Dir - straight line, f - tengu warrior
Aim: a tengu warrior, wielding a +2 great sword and wearing a +0 ring mail (grey smoke, heavily wounded)
You feel a surge of power!
You draw life force from the tengu warrior!
You feel life coursing into your body.
The tengu warrior hits you with a +2 great sword!
* * * LOW HITPOINT WARNING * * *
You block the tengu warrior's attack. The tengu warrior claws you.
* * * LOW HITPOINT WARNING * * *
Casting: Vampiric Draining (safe; 1% risk of failure)
Confirm with . or Enter, or press ? or * to list all spells.
Aiming: Vampiric Draining (safe; 1% risk of failure)
Press: ? - help, Shift-Dir - straight line, f/p - tengu warrior
Aim: a tengu warrior, wielding a +2 great sword and wearing a +0 ring mail (grey smoke, severely wounded, ally target)
You feel a surge of power!
You draw life force from the tengu warrior!
You feel life coursing into your body.
Your wyvern zombie completely misses the tengu warrior.
Something barely misses your wyvern zombie.
Something kicks your wyvern zombie. The tengu warrior misses you.
You block the tengu warrior's attack. The tengu warrior misses you.
Your wyvern zombie bites the tengu warrior.
Something barely misses your wyvern zombie.
Something kicks your wyvern zombie but does no damage.
The tengu warrior slips past you!
The tengu warrior hits you with a +2 great sword!!
You die...
You join the legions of the undead harvest.

######....##.##.
####+####.>
#..<........
#..§QZZ....
#...........
#....Z.....
#...........
#.....c...c
#...........
#..........
##...Z####..
##...##+##.
#.....#########§..##.##
#.........§§§§Z§.......
##........§Q@§§§.......
#.........§§§k§§.......
#.........§§§§§.....k..
#......................
#......................
#######################


You could see a tengu warrior (ally target), a wyvern and a friendly wyvern
zombie.

Vanquished Creatures
  Pikel (D:6)
  Maggie (D:6)
  Sigmund (D:6)
  A wraith (D:7)
  2 wyverns
  2 steam dragons
  Edmund (D:6)
  A water moccasin (D:6)
  3 black bears
  3 orc warriors
  2 sky beasts
  2 ice beasts
  A phantom (D:6)
  3 centaurs
  2 lemures (D:5)
  2 kobold brigands
  Blork the orc (D:6)
  2 bullfrogs
  5 scorpions
  3 wights (D:8)
  5 killer bees (D:8)
  2 howler monkeys
  3 bombardier beetles (D:5)
  7 hounds
  2 jellies
  An orc priest (D:5)
  4 iguanas
  Crazy Yiuf (D:3)
  A sleepcap (D:5)
  3 orc wizards
  7 adders
  A shadow imp (D:6)
  A white imp (D:8)
  An ufetubus (D:5)
  A ribbon worm (D:5)
  12 orcs
  An endoplasm (D:4)
  4 giant cockroaches
  3 goblins
  7 hobgoblins
  2 jackals (D:1)
  14 kobolds
  5 quokkas
  3 ball pythons
  3 bats
  5 frilled lizards
  7 rats
145 creatures vanquished.

Vanquished Creatures (collateral kills)
  A bullfrog (D:7)
  An orc priest (D:8)
  2 orc wizards
  A shadow imp (D:5)
  2 dart slugs
  5 orcs
  A ball python (D:1)
  2 kobolds (D:1)
15 creatures vanquished.

Vanquished Creatures (others)
  2 bullfrog zombies
  2 centaur zombies
  A black bear zombie (D:7)
  5 orc zombies
  A jelly zombie (D:7)
  8 kobold zombies
19 creatures vanquished.

Grand Total: 179 creatures vanquished

Notes
Turn   | Place    | Note
-------+----------+-------------------------------------------
     0 | D:1      | a2degator the Mummy Necromancer began the quest for the
                  | Orb.
     0 | D:1      | Reached XP level 1. HP: 13/13 MP: 4/4
   119 | D:1      | Reached XP level 2. HP: 19/19 MP: 3/5
   159 | D:1      | Reached skill level 3 in Spellcasting
   583 | D:1      | Reached XP level 3. HP: 24/24 MP: 5/7
   785 | D:2      | Reached skill level 5 in Necromancy
  1000 | D:2      | Reached skill level 4 in Spellcasting
  1000 | D:2      | Reached XP level 4. HP: 30/30 MP: 6/10
  1247 | D:2      | Identified the +0 robe of Kilizusmua {*Slow rElec Will+
                  | Stlth+}
  1518 | D:3      | Found a snail-covered altar of Cheibriados.
  1696 | D:3      | Found a runed translucent door.
  1697 | D:3      | Noticed Crazy Yiuf
  1742 | D:3      | Found a hazy altar of Hepliaklqana.
  1914 | D:3      | Learned a level 3 spell: Vampiric Draining
  2056 | D:3      | Killed Crazy Yiuf
  2381 | D:4      | Reached XP level 5. HP: 35/35 MP: 8/12
  2527 | D:4      | Reached skill level 5 in Spellcasting
  2611 | D:4      | Identified the +4 plate armour of Dull Miracles {Dex+3}
  2644 | D:4      | Found a shimmering blue altar of Sif Muna.
  2654 | D:4      | Noticed an orc warrior
  2663 | D:4      | Killed an orc warrior
  2664 | D:4      | Reached XP level 6. HP: 6/41 MP: 0/14
  2668 | D:4      | Got Sif Muna's Compendium of the Oath
  2803 | D:4      | Found a bloodstained altar of Trog.
  2932 | D:4      | Reached skill level 6 in Spellcasting
  3087 | D:5      | Entered Level 5 of the Dungeon
  3127 | D:5      | Identified the +1 dagger "Xuerph" {venom, rF+ Int+3}
  3286 | D:5      | Found a staircase to the Ecumenical Temple.
  3304 | Temple   | Entered the Ecumenical Temple
  3644 | D:5      | Identified the ring of the Thistle {rElec SInv}
  3667 | D:5      | Reached XP level 7. HP: 46/46 MP: 16/17
  3763 | D:5      | Found an opulent altar of Gozag.
  3819 | D:5      | Reached skill level 7 in Spellcasting
  3987 | D:5      | HP: 1/46 [burnt (6)]
  4132 | D:5      | Reached skill level 8 in Spellcasting
  4338 | D:6      | Noticed Sigmund
  4338 | D:6      | Noticed Pikel
  4378 | D:5      | Reached XP level 8. HP: 18/52 MP: 20/20
  4750 | D:6      | Identified the +11 sling "Ashas" {heavy, Stlth+}
  4812 | D:6      | Reached skill level 1 in Fighting
  4812 | D:6      | Reached skill level 1 in Short Blades
  4812 | D:6      | Reached skill level 9 in Spellcasting
  4973 | D:6      | Noticed Edmund
  4979 | D:6      | Killed Edmund
  5182 | D:6      | Noticed Blork the orc
  5204 | D:6      | Killed Pikel
  5205 | D:6      | Reached XP level 9. HP: 45/61 MP: 18/22
  5416 | D:6      | Reached skill level 10 in Spellcasting
  5669 | D:6      | Killed Blork the orc
  5736 | D:6      | Noticed Maggie
  5976 | D:6      | Killed Sigmund
  6017 | D:6      | Killed Maggie
  6062 | D:6      | Found Rogop's Weapon Shop.
  6066 | D:6      | Found a sparkling altar of Nemelex Xobeh.
  6464 | D:7      | Found a burning altar of Makhleb.
  6468 | D:7      | Found a sacrificial altar of Ru.
  6469 | D:7      | Found a broken altar of Ashenzari.
  6471 | D:7      | Found a radiant altar of Vehumet.
  6471 | D:7      | Found a basalt altar of Yredelemnul.
  6499 | D:7      | Reached skill level 11 in Spellcasting
  6519 | D:7      | Became a worshipper of Yredelemnul the Dark
  6559 | D:7      | Reached * piety under Yredelemnul
  6635 | D:7      | Reached skill level 10 in Necromancy
  6989 | D:7      | Found an ancient bone altar of Kikubaaqudgha.
  7207 | D:7      | Learned a level 4 spell: Dispel Undead
  7256 | D:7      | Reached XP level 10. HP: 67/67 MP: 16/25
  7976 | D:8      | Reached skill level 12 in Spellcasting
  8463 | D:8      | Reached ** piety under Yredelemnul
  8750 | D:9      | Learned a level 5 spell: Curse of Agony
  8778 | D:9      | Noticed a tengu warrior
  8779 | D:9      | Found a staircase to the Orcish Mines.
  8794 | D:9      | Slain by a tengu warrior

Illustrated notes

Levels and vault maps discovered:
D:1:      giann_bridges, layout_rooms, serial_glass, glass_columns_c,
          glass_columns_a, glass_columns_a, glass_columns_b
D:2:      layout_loops_ring
D:3:      layout_rooms, overflow_temple_1_default, amcnicky_altar_gilded,
          uniq_crazy_yiuf_cottage
D:4:      nicolae_cairo_tiling_large_dashed, layout_cave_pools,
          nzn_overflow_gifts_of_might_and_magic
D:5:      layout_loops_ring, pdpol_temple_overflow_zin_treasury_gozag_greed,
          minmay_temple_entry_sparse_star, minmay_joined_circles
D:6:      layout_cave_pods, nemelex_xobeh_ov_fountains_minmay, serial_shops,
          nicolae_square_shop, uniq_sigmund, uniq_pikel, uniq_blork_the_orc,
          uniq_edmund, uniq_maggie
D:7:      layout_rooms, grunt_temple_overflow_open, kiku_gazebo_garden_becter
D:8:      layout_basic
D:9:      layout_gridville, amethyst_overflow_temple_binary, orc_0_dummy
Temple:   nicolae_temple_little_seven

Skill      XL: |  1  2  3  4  5  6  7  8  9 10 |
---------------+-------------------------------+-----
Spellcasting   | 3 4 5 6 8 9 11 12 | 12.4
Necromancy     | 5 6 7 8 10 | 10.9
Stealth        | 2 |  2.5
Fighting       | 2 |  2.4
Short Blades   | 1 |  1.6
Dodging        | 2 |  2.7

Action                     |  1- 3 |  4- 6 |  7- 9 | 10-12 || total
---------------------------+-------+-------+-------+-------++-------
  Melee: Dagger            |       |     2 |   101 |     4 ||   107
         Punch             |       |       |     1 |       ||     1
   Cast: Necrotise         |    44 |    70 |   101 |    27 ||   242
         Vampiric Draining |       |    15 |    62 |    34 ||   111
         Dispel Undead     |       |       |     1 |     3 ||     4
    Use: Scroll            |     4 |     7 |     9 |     2 ||    22
 Armour: Robe              |    10 |    10 |   123 |    34 ||   177
  Dodge: Dodged            |    20 |     8 |    93 |    39 ||   160
  Block: Other             |       |       |       |    17 ||    17
         Reflection        |       |       |       |     3 ||     3

Table legend: (Time is in decaauts)
 A = Elapsed time spent in this place.
 B = Non-inter-level travel time spent in this place.
 C = Inter-level travel time spent in this place.
 D = Time resting spent in this place.
 E = Time spent auto-exploring this place.
 F = Levels seen in this place.
 G = Mean time per level.
                   A        B        C        D        E       F      G
               +--------+--------+--------+--------+--------+-----+--------+
         Total |   8820 |   8552 |    268 |    977 |   5127 |  10 |  882.0 |
       Dungeon |   8792 |   8524 |    268 |    977 |   5127 |   9 |  976.9 |
        Temple |     27 |     27 |      0 |      0 |      0 |   1 |   27.0 |
               +--------+--------+--------+--------+--------+-----+--------+

Top non-repeatable levels by time:
     D:6: 1888 daAuts
     D:5: 1469 daAuts
     D:7: 1084 daAuts
     D:8: 950 daAuts
     D:4: 892 daAuts
     D:3: 745 daAuts
     D:1: 734 daAuts
     D:2: 716 daAuts
     D:9: 310 daAuts
  Temple: 27 daAuts
